 Dungeon Crawl Stone Soup version 0.24-a0-525-g9231cdcba1 (webtiles) character file.

Game seed: 17357706743069028601

154714 Peloso the Peltast (level 17, -18/159 HPs)
             Began as a Minotaur Fighter on Aug 3, 2019.
             Was the Champion of Okawaru.
             Killed from afar by Nikola (23 damage)
             ... with a chain lightning
             ... on level 1 of the Snake Pit.
             The game lasted 01:27:41 (36068 turns).

Peloso the Peltast (Minotaur Fighter)              Turns: 36068, Time: 01:27:42

Health: -18/159    AC: 22    Str: 32    XL:     17   Next: 7%
Magic:  17/17      EV: 15    Int:  5    God:    Okawaru [******]
Gold:   1544       SH: 17    Dex: 16    Spells: 16/16 levels left

rFire    . . .     SeeInvis +   a - +5 double sword (elec)
rCold    + + +     Gourm    .   c - +0 shield
rNeg     . . .     Faith    .   l - +0 ice dragon scales
rPois    +         Spirit   .   g - +0 hat {SInv}
rElec    .         Reflect  .   d - scarf {rC+ rF+}
rCorr    .         Harm     .   C - +1 pair of gloves {Str+3}
MR       +....                  p - +1 pair of boots of the Mackerel {rPois Str+3}
Stlth    ..........             w - amulet of the acrobat
HPRegen  0.36/turn              z - +4 ring of dexterity
MPRegen  0.15/turn              y - +2 ring of protection

@: no status effects
A: retaliatory headbutt, horns 2
a: Heroism, Finesse, Renounce Religion


You were on level 1 of the Snake Pit.
You worshipped Okawaru.
Okawaru was exalted by your worship.
You were not hungry.

You visited 6 branches of the dungeon, and saw 28 of its levels.
You also visited: Ice Cave.

You collected 2432 gold pieces.
You spent 888 gold pieces at shops.

Inventory:

Hand Weapons
 a - a +5 double sword of electrocution (weapon)
 b - a +4 scimitar of flaming
 K - the +8 falchion of Serendipity {flame, rElec Str+3 Dex+3}
   (Okawaru gifted it to you on level 2 of the Shoals)

   It has been specially enchanted to burn those struck by it, causing extra
   injury to most foes and up to half again as much damage against particularly
   susceptible opponents.
   Big, fiery blades are also staple armaments of hydra-hunters.
   It affects your strength (+3).
   It affects your dexterity (+3).
   It insulates you from electricity.
Armour
 c - a +0 shield (worn)
 d - a scarf of resistance (worn)
 g - a +0 hat of see invisible (worn)
 h - a +1 plate armour of fire resistance
 l - +0 ice dragon scales (worn)
 o - a scarf of repulsion
 p - the +1 pair of boots of the Mackerel (worn) {rPois Str+3}
   (Okawaru gifted it to you on level 2 of the Orcish Mines)

   It affects your strength (+3).
   It protects you from poison.
 t - a +2 cloak of magic resistance
 A - the +1 plate armour of the Tuna {SInv}
   (You found it on level 1 of the Shoals)

   It lets you see invisible.
 C - a +1 pair of gloves of strength (worn)
 Q - a +2 plate armour of poison resistance
 V - a +0 pair of boots of stealth
Jewellery
 n - an uncursed ring of flight
 v - an uncursed ring of stealth {unknown}
 w - an amulet of the acrobat (around neck)
 y - a +2 ring of protection (right hand)
 z - a +4 ring of dexterity (left hand)
 E - an uncursed ring of protection from fire
 X - a cursed -2 ring of protection
Wands
 Y - a wand of polymorph (8)
 Z - a wand of scattershot (4)
Scrolls
 k - 4 scrolls of teleportation
 m - 6 scrolls of identify
 q - 8 scrolls of remove curse
 r - 5 scrolls of magic mapping
 u - 6 scrolls of blinking
 x - 3 scrolls of noise
 B - a scroll of summoning {unknown}
 G - 2 scrolls of enchant armour
 H - a scroll of holy word
 I - a scroll of fog
 J - 8 scrolls of fear {unknown}
 N - 2 scrolls of brand weapon {unknown}
 O - a scroll of torment {unknown}
 P - a scroll of enchant weapon
 R - a scroll of amnesia
Potions
 e - 4 potions of resistance
 i - 4 potions of curing
 j - a potion of mutation
 s - a potion of flight
 D - a potion of magic
 F - 2 potions of ambrosia
 L - 5 potions of agility {unknown}
 M - 2 potions of invisibility {unknown}
 S - a potion of heal wounds
 U - 2 potions of might
Miscellaneous
 T - a box of beasts
 W - a lamp of fire
Comestibles
 f - 39 rations


   Skills:
 + Level 16.3 Fighting
 + Level 18.6 Long Blades
   Level 2.6 Axes
 + Level 15.3 Armour
 + Level 6.2 Dodging
 + Level 2.0 Stealth
 + Level 19.4 Shields
 + Level 1.2 Unarmed Combat
 + Level 2.5 Invocations
 + Level 1.2 Evocations


You had 16 spell levels left.
You didn't know any spells.
Your spell library contained the following spells:

 Spells                   Type           Power        Failure   Level  Hunger
 Animate Skeleton         Necr           N/A          67%         1    ##.....
 Apportation              Tloc           #.....       67%         1    ##.....
 Confusing Touch          Hex            #.....       67%         1    ##.....
 Corona                   Hex            #......      67%         1    ##.....
 Magic Dart               Conj           #...         67%         1    ##.....
 Sandblast                Erth           #.....       67%         1    ##.....
 Sting                    Conj/Pois      #...         67%         1    ##.....
 Summon Small Mammal      Summ           #...         67%         1    ##.....
 Ensorcelled Hibernation  Hex/Ice        #.....       82%         2    ###....
 Passwall                 Tmut/Erth      #.......     82%         2    ###....
 Poisonous Vapours        Pois/Air       #.....       82%         2    ###....
 Searing Ray              Conj           #.....       82%         2    ###....
 Sticks to Snakes         Tmut           #.......     82%         2    ###....
 Confuse                  Hex            #.......     96%         3    ####...
 Dazzling Spray           Conj/Hex       #.....       96%         3    ####...
 Gell's Gravitas          Tloc           #.........   96%         3    ####...
 Mephitic Cloud           Conj/Pois/Air  #.......     96%         3    ####...
 Recall                   Summ/Tloc      N/A          96%         3    ####...
 Spider Form              Tmut/Pois      #.........   96%         3    ####...
 Stone Arrow              Conj/Erth      #.....       96%         3    ####...
 Tukima's Dance           Hex            #.......     96%         3    ####...
 Animate Dead             Necr           N/A          100%        4    #####..
 Cause Fear               Hex            #.........   100%        4    #####..
 Force Lance              Conj/Tloc      #.......     100%        4    #####..
 Fulminant Prism          Conj/Hex       #.........   100%        4    #####..
 Ice Form                 Ice/Tmut       #.......     100%        4    #####..
 Iskenderun's Mystic Bla  Conj           #.......     100%        4    #####..
 Olgreb's Toxic Radiance  Pois           #.......     100%        4    #####..
 Petrify                  Tmut/Erth      #.......     100%        4    #####..
 Aura of Abjuration       Summ           #.........   100%        5    ######.
 Blade Hands              Tmut           #.........   100%        5    ######.
 Borgnjor's Vile Clutch   Necr/Erth      #.........   100%        5    ######.
 Lee's Rapid Deconstruct  Erth           #.........   100%        5    ######.
 Metabolic Englaciation   Hex/Ice        #.........   100%        5    ######.
 Silence                  Hex/Air        #.........   100%        5    ######.
 Summon Demon             Summ           #.........   100%        5    ######.
 Summon Forest            Summ/Tloc      #.........   100%        5    ######.
 Summon Mana Viper        Hex/Summ       #.......     100%        5    ######.
 Venom Bolt               Conj/Pois      #.........   100%        5    ######.
 Yara's Violent Unravell  Hex/Tmut       #.........   100%        5    ######.
 Darkness                 Hex            #.........   100%        6    #######
 Death Channel            Necr           #.........   100%        6    #######
 Deflect Missiles         Chrm/Air       #.........   100%        6    #######
 Shadow Creatures         Summ           N/A          100%        6    #######
 Simulacrum               Ice/Necr       #.........   100%        6    #######
 Discord                  Hex            #.........   100%        8    #######


Dungeon Overview and Level Annotations

Branches:
Dungeon (15/15)            Temple (1/1) D:6            Lair (6/6) D:11
 Shoals (3/4) Lair:2        Snake (1/4) Lair:3        Slime (0/5) Lair:5
    Orc (2/2) D:10            Elf (0/3) Orc:2        Vaults (0/5) D:13
 Depths (0/5) D:15

Altars:
Ashenzari
Cheibriados
Dithmenos
Fedhas
Gozag
Hepliaklqana
Kikubaaqudgha
Makhleb
Nemelex Xobeh
Okawaru
Qazlal
Ru
Sif Muna
Trog
Uskayaw
Vehumet
Wu Jian
Xom
Yredelemnul
Zin
The Shining One

Shops:
D:12 (   D:13 *   Orc:2 }:[?

Annotations:
D:8 4 runed translucent doors
Snake:1 Nikola


Innate Abilities, Weirdness & Mutations

You reflexively headbutt those who attack you in melee.
You have a pair of horns on your head.


Message History

Unknown command.
You hit Nikola but do no damage. You headbutt Nikola!
Nikola is severely wounded.
Nikola gestures wildly while chanting.
You hear a mighty clap of thunder!
The lightning arc hits you!!
The lightning arc grounds out.
You hear a shout!
You hear an angry hiss.
Unknown command.
You slash Nikola!
Nikola is almost dead.
You barely miss Nikola.
Nikola is almost dead.
Nikola gestures wildly while chanting.
You hear a mighty clap of thunder!
The lightning arc hits you!!
* * * LOW HITPOINT WARNING * * *
The lightning arc hits Nikola.
The lightning arc hits you!!
* * * LOW HITPOINT WARNING * * *
The lightning arc hits Nikola.
The lightning arc hits you!!
You die...

*** *****#.....# ####.#...#
#....#...# #......##*
##.......####
######...####....# ***##*
)..##....# ###...# *,...*
...##....###..#(@########....**
.........##.#[.#@(...........,*
###...#..##..#.###(..)..##...,*
#...###..##...####().(..#...,,*
#...# #..###### #...(........,*
#...# ####******#.#####..?..#**
..###******,,,,...* *......,*
.#####,,,*,,,,.###* *#.....,*
.......,,,,,,#** *###..,*
...###.,,*,,,* *##**


You could see Nikola.

Vanquished Creatures
  An Ice Fiend (IceCv)
  Gastronok (Lair:2)
  Polyphemus (Shoals:3)
  2 krakens
  Kirke (Shoals:3)
  Frances (D:12)
  Donald (Snake:1)
  Ilsuiw (Shoals:3)
  A frost giant (D:15)
  Louise (Shoals:3)
  A war gargoyle (D:15)
  The ghost of TheWayOfAllFlesh the Eclecticist, a journeyman DEFE of Vehumet (D:13)
  A dire elephant (Lair:6)
  Snorg (D:11)
  2 merfolk javelineers
  A yaktaur captain (D:15)
  5 merfolk impalers
  A fire dragon (Lair:6)
  An ogre mage (D:13)
  4 vault guards
  An ice dragon (Snake:1)
  A merfolk avatar (Shoals:2)
  3 centaur warriors
  12 hydras
  A death knight (D:15)
  3 alligator snapping turtles
  6 merfolk aquamancers
  2 satyrs (Shoals:2)
  4 catoblepae
  2 tengu warriors (D:14)
  6 death yaks
  A two-headed ogre (D:10)
  A deep troll earth mage (D:15)
  5 orc high priests (Orc:2)
  A naga sharpshooter (Snake:1)
  Nergalle (D:11)
  Sonja (Lair:1)
  7 sea snakes
  A skeletal warrior (D:15)
  A swamp dragon (Lair:6)
  3 unseen horrors
  A lindwurm (Lair:6)
  2 phantasmal warriors (D:14)
  A wizard (D:15)
  A deep elf mage (D:13)
  8 manticores
  Pikel (D:4)
  5 harpies (Shoals:2)
  2 orc sorcerers
  6 ugly things
  7 orc knights (Orc:2)
  3 oklob plants (Lair:5)
  3 cyclopes
  3 fauns (Shoals:2)
  A salamander (Snake:1)
  5 merfolk sirens
  2 elephants (Lair:6)
  A naga mage (Snake:1)
  13 black mambas
  4 water nymphs (Shoals:2)
  3 gargoyles
  An ice statue (IceCv)
  9 spiny frogs
  2 centaur skeletons
  3 kobold demonologists
  5 rime drakes
  4 anaconda simulacra (IceCv)
  3 freezing wraiths
  6 komodo dragons
  2 yaktaurs (D:15)
  6 ice devils (IceCv)
  An efreet (D:13)
  A tengu conjurer (D:15)
  2 golden dragon simulacra (IceCv)
  A queen bee (D:14)
  3 wind drakes
  5 trolls
  A wind drake (shapeshifter) (D:14)
  17 merfolk
  10 blink frogs
  Prince Ribbit (D:7)
  2 hornets
  Grinder (D:4)
  5 snapping turtles
  9 hippogriffs
  Sigmund (D:4)
  2 dream sheep (Lair:6)
  A wyvern (D:13)
  3 vampires
  4 water elementals
  A hog (Shoals:3)
  2 wraiths
  4 dire elephant simulacra (IceCv)
  Grum (D:11)
  6 basilisks
  3 hungry ghosts
  43 yaks
  9 wargs
  Menkaure (D:7)
  4 steam dragons
  4 nagas
  3 vampire mosquitoes (D:15)
  3 acid dragons
  4 iron troll simulacra (IceCv)
  A soldier ant (D:13)
  3 harpy simulacra (IceCv)
  A hydra simulacrum (IceCv)
  28 water moccasins
  16 porcupines
  2 ice beasts
  48 orc warriors
  3 sky beasts
  An ettin simulacrum (IceCv)
  A sky beast (shapeshifter) (D:14)
  A swamp drake (Lair:6)
  2 black bears
  3 phantoms
  21 ogres
  An alligator simulacrum (IceCv)
  5 wolves
  24 centaurs
  7 crocodiles
  6 big kobolds
  Blork the orc (D:6)
  5 gnoll sergeants (D:10)
  11 bullfrogs
  A wyvern skeleton (D:14)
  2 scorpions
  32 killer bees
  14 wights
  An electric eel (Lair:1)
  2 vampire bats (D:6)
  2 howler monkeys
  12 crimson imps
  2 centaur zombies
  3 draconian simulacra (IceCv)
  11 hounds
  4 jellies
  Crazy Yiuf (D:2)
  4 bullfrog skeletons
  34 orc priests
  19 orc wizards
  2 gnoll shamans
  5 iguanas
  Ijyb (D:3)
  2 hell rats
  Natasha (thrice) (D:3)
  A polar bear simulacrum (IceCv)
  14 worker ants
  A spriggan simulacrum (IceCv)
  A wolf simulacrum (IceCv)
  3 troll simulacra (IceCv)
  2 centaur simulacra (IceCv)
  A howler monkey zombie (D:11)
  2 worker ant zombies
  Robin (D:3)
  30 adders
  16 gnolls
  An ogre simulacrum (IceCv)
  6 river rats (Lair:2)
  2 naga simulacra (IceCv)
  3 shadow imps
  6 white imps (IceCv)
  8 ufetubi (IceCv)
  An ooze (D:4)
  An adder skeleton (D:7)
  3 worms
  2 dart slugs
  10 leopard geckos
  113 orcs
  2 ball pythons
  5 bat skeletons (D:6)
  6 giant cockroaches
  14 goblins
  8 hobgoblins
  16 jackals
  A quokka (D:7)
  5 bats
  5 frilled lizards
  A jackal zombie (D:5)
  19 kobolds
  A leopard gecko skeleton (D:6)
  A leopard gecko zombie (D:5)
  7 rats
  A bush (Lair:5)
  A fungus (D:2)
  4 tentacles
1036 creatures vanquished.

Vanquished Creatures (others)
  A worker ant (D:5)
  A shadow imp (D:5)
  An adder skeleton (D:5)
  3 fungi
  8 plants
  9 tentacles
23 creatures vanquished.

Grand Total: 1059 creatures vanquished

Notes
Turn   | Place    | Note
-------+----------+-------------------------------------------
     0 | D:1      | Peloso the Minotaur Fighter began the quest for the Orb.
     0 | D:1      | Reached XP level 1. HP: 19/19 MP: 0/0
   115 | D:1      | Reached XP level 2. HP: 27/27 MP: 1/1
   563 | D:2      | Reached skill level 4 in Shields
   563 | D:2      | Reached XP level 3. HP: 33/33 MP: 2/2
   643 | D:2      | Found a blossoming altar of Fedhas.
   710 | D:2      | Found a faded altar of an unknown god.
   854 | D:2      | Found a runed translucent door.
   855 | D:2      | Noticed Crazy Yiuf
   865 | D:2      | Killed Crazy Yiuf
   865 | D:2      | Reached XP level 4. HP: 12/40 MP: 3/3
  1035 | D:3      | Noticed Natasha
  1154 | D:3      | Noticed Robin
  1160 | D:3      | Killed Natasha
  1172 | D:3      | Killed Robin
  1277 | D:3      | Noticed Natasha
  1294 | D:3      | Killed Natasha
  1294 | D:3      | Reached XP level 5. HP: 47/47 MP: 4/4
  1326 | D:3      | Reached skill level 1 in Dodging
  1410 | D:3      | Noticed Ijyb
  1418 | D:3      | Killed Ijyb
  1676 | D:3      | Noticed Natasha
  1682 | D:3      | Killed Natasha
  1682 | D:3      | Reached skill level 5 in Long Blades
  1686 | D:3      | Reached XP level 6. HP: 35/55 MP: 5/5
  1871 | D:4      | Noticed Grinder
  1879 | D:4      | Paralysed by Grinder for 2 turns
  1893 | D:4      | Killed Grinder
  1893 | D:4      | Reached skill level 5 in Fighting
  1893 | D:4      | Reached skill level 5 in Armour
  1893 | D:4      | Reached skill level 5 in Shields
  1910 | D:4      | Reached XP level 7. HP: 29/61 MP: 6/6
  2269 | D:4      | Found a bloodstained altar of Trog.
  2269 | D:4      | Found a shattered altar of Ashenzari.
  2270 | D:4      | Found an ornate altar of the Wu Jian Council.
  2270 | D:4      | Found a glowing silver altar of Zin.
  2387 | D:4      | Noticed Sigmund
  2406 | D:4      | Killed Sigmund
  2409 | D:4      | Reached skill level 6 in Shields
  2876 | D:5      | Entered Level 5 of the Dungeon
  2876 | D:5      | Noticed Pikel
  2913 | D:4      | Killed Pikel
  2913 | D:4      | Reached skill level 1 in Unarmed Combat
  2913 | D:4      | Reached XP level 8. HP: 49/70 MP: 7/7
  3451 | D:5      | Reached skill level 7 in Shields
  3527 | D:5      | Got a crude leather armour
  3538 | D:5      | Identified the +1 leather armour "Xelazibo" {Str+3} (You
                  | found it on level 5 of the Dungeon)
  3731 | D:5      | Reached skill level 1 in Stealth
  4359 | D:6      | Reached XP level 9. HP: 57/75 MP: 8/8
  4555 | D:6      | Found a radiant altar of Vehumet.
  4576 | D:6      | Reached skill level 8 in Shields
  4749 | D:6      | Noticed Blork the orc
  4755 | D:6      | Killed Blork the orc
  4859 | D:6      | Found a staircase to the Ecumenical Temple.
  4868 | Temple   | Entered the Ecumenical Temple
  4966 | Temple   | Became a worshipper of Warmaster Okawaru
  5009 | D:6      | Found an ancient bone altar of Kikubaaqudgha.
  5286 | D:7      | Noticed Menkaure
  5296 | D:7      | Killed Menkaure
  5609 | D:7      | Noticed Prince Ribbit
  5622 | D:7      | Killed Prince Ribbit
  5780 | D:7      | Reached * piety under Okawaru
  5828 | D:7      | Reached skill level 10 in Long Blades
  5907 | D:7      | Found a snail-covered altar of Cheibriados.
  5907 | D:7      | Found a deep blue altar of Sif Muna.
  5907 | D:7      | Found a burning altar of Makhleb.
  6122 | D:8      | Reached skill level 9 in Shields
  6305 | D:7      | Reached XP level 10. HP: 74/84 MP: 9/9
  6467 | D:8      | Found an opulent altar of Gozag.
  6506 | D:8      | Found a blossoming altar of Fedhas.
  6512 | D:8      | Found a stormy altar of Qazlal.
  6627 | D:8      | Found a huge runed translucent gate.
  6628 | D:8      | Found a huge runed translucent gate.
  6629 | D:8      | Found a huge runed translucent gate.
  6629 | D:8      | Noticed a death yak
  6630 | D:8      | Found a huge runed translucent gate.
  6630 | D:8      | Noticed a death yak
  7100 | D:9      | Reached ** piety under Okawaru
  7423 | D:9      | Found a shadowy altar of Dithmenos.
  7772 | D:10     | Entered Level 10 of the Dungeon
  7999 | D:10     | Killed an unseen horror
  7999 | D:10     | Reached *** piety under Okawaru
  8008 | D:10     | Reached skill level 10 in Shields
  8744 | D:10     | Found a staircase to the Orcish Mines.
  8804 | D:10     | Reached **** piety under Okawaru
  9317 | D:11     | Noticed Grum
  9343 | D:11     | Killed Grum
  9366 | D:11     | Got an ichor-stained dagger
  9367 | D:11     | Identified the cursed +0 dagger of Riuqudwe {pierce, rF+
                  | Int+3 Dex+4} (You found it on level 11 of the Dungeon)
  9415 | D:11     | Noticed Snorg
  9427 | D:11     | Noticed a brown ugly thing
  9455 | D:11     | Killed a brown ugly thing
  9455 | D:11     | Reached skill level 11 in Shields
  9455 | D:11     | Reached XP level 11. HP: 26/94 MP: 2/10
  9822 | D:11     | Reached ***** piety under Okawaru
  9921 | D:11     | Noticed Nergalle
  9973 | D:11     | Killed Nergalle
 10344 | D:11     | Noticed a seven-headed hydra
 10412 | Orc:1    | Entered Level 1 of the Orcish Mines
 10636 | D:10     | Reached skill level 12 in Shields
 11044 | Orc:1    | Noticed a two-headed ogre
 11105 | D:10     | Killed a two-headed ogre
 11300 | Orc:1    | Noticed an orc sorcerer
 11315 | Orc:1    | Killed an orc sorcerer
 11528 | Orc:2    | Entered Level 2 of the Orcish Mines
 11542 | Orc:1    | Reached skill level 1 in Invocations
 12234 | Orc:2    | Found a staircase to the Elven Halls.
 12286 | Orc:2    | Received a gift from Okawaru
 12479 | Orc:1    | Noticed an orc sorcerer
 12501 | Orc:2    | Killed an orc sorcerer
 13316 | Orc:1    | Reached skill level 10 in Armour
 13316 | Orc:1    | Reached XP level 12. HP: 105/105 MP: 8/11
 13792 | D:10     | Killed a five-headed hydra
 14160 | D:11     | Found a staircase to the Lair.
 14188 | D:11     | Killed Snorg
 14188 | D:11     | Reached skill level 13 in Shields
 14319 | D:11     | Reached skill level 1 in Axes
 15150 | D:12     | Received a gift from Okawaru
 15155 | D:12     | Got a jewelled scimitar {god gift}
 15156 | D:12     | Identified the +1 scimitar "Yvvosker" {slice, +Fly}
                  | (Okawaru gifted it to you on level 12 of the Dungeon)
 15535 | D:12     | Reached skill level 10 in Fighting
 15549 | D:12     | Noticed Frances
 15561 | D:12     | Killed Frances
 15629 | D:12     | Reached skill level 5 in Dodging
 15645 | D:12     | Found Quodugoa's Weapon Emporium.
 15657 | D:12     | Found a shattered altar of Ashenzari.
 16123 | Lair:1   | Entered Level 1 of the Lair of Beasts
 16146 | Lair:1   | Noticed Sonja
 16150 | Lair:1   | Killed Sonja
 16150 | Lair:1   | Reached skill level 14 in Shields
 16154 | Lair:1   | Noticed a five-headed hydra
 16164 | Lair:1   | Killed a one-headed hydra
 16226 | Lair:1   | Reached ****** piety under Okawaru
 16259 | Lair:1   | Received a gift from Okawaru
 16406 | Lair:1   | Reached XP level 13. HP: 73/114 MP: 13/13
 17366 | Lair:2   | Found a staircase to the Shoals.
 17465 | Lair:2   | Noticed Gastronok
 17480 | Lair:2   | Killed Gastronok
 17480 | Lair:2   | Received a gift from Okawaru
 17480 | Lair:2   | Reached skill level 15 in Shields
 17480 | Lair:2   | Reached skill level 1 in Evocations
 18454 | Lair:3   | Found a staircase to the Snake Pit.
 18482 | Lair:3   | Reached skill level 15 in Long Blades
 20402 | D:13     | Received a gift from Okawaru
 20448 | D:13     | Found Jykkev's General Store.
 20506 | D:13     | Found a gate to the Vaults.
 21470 | D:13     | Reached XP level 14. HP: 98/126 MP: 14/14
 21709 | D:13     | Found a runed translucent gate.
 21709 | D:13     | Found a runed translucent gate.
 21709 | D:13     | Found a runed translucent gate.
 21710 | D:13     | Noticed TheWayOfAllFlesh's ghost (journeyman DEFE)
 21977 | D:13     | Killed TheWayOfAllFlesh's ghost
 22327 | Orc:2    | Received a gift from Okawaru
 22770 | Orc:2    | Got a pair of fine boots {god gift}
 22911 | Orc:2    | Identified the +1 pair of boots of the Mackerel {rPois
                  | Str+3} (Okawaru gifted it to you on level 2 of the Orcish
                  | Mines)
 23037 | Orc:2    | Reached skill level 16 in Shields
 23654 | Orc:2    | Found Pyumits's Gadget Boutique.
 23654 | Orc:2    | Found Zoatios's Magic Scroll Boutique.
 23655 | Orc:2    | Found Maxkycwa's Book Shop.
 23655 | Orc:2    | Found Mih Odghaoka's Armour Boutique.
 23681 | Orc:2    | Bought a scroll of acquirement for 624 gold pieces
 23681 | Orc:2    | Bought a scroll of enchant weapon for 90 gold pieces
 23681 | Orc:2    | Bought a scroll of teleportation for 36 gold pieces
 23681 | Orc:2    | Bought a scroll of identify for 24 gold pieces
 23681 | Orc:2    | Bought a scroll of identify for 24 gold pieces
 23681 | Orc:2    | Bought a scroll of enchant weapon for 90 gold pieces
 24557 | Lair:5   | You fall into a shaft and drop 1 floor!
 24557 | Lair:6   | Entered Level 6 of the Lair of Beasts
 25039 | Lair:6   | Received a gift from Okawaru
 25464 | Lair:6   | Reached XP level 15. HP: 73/136 MP: 15/15
 25926 | Lair:6   | Got a jewelled morningstar
 25928 | Lair:6   | Identified the cursed +0 morningstar of Power {distort,
                  | MR++ Str+4 Int-3} (You found it on level 6 of the Lair of
                  | Beasts)
 27044 | Lair:5   | Found a staircase to the Slime Pits.
 27052 | Lair:5   | Reached skill level 17 in Shields
 27961 | D:14     | Received a gift from Okawaru
 28314 | D:15     | Entered Level 15 of the Dungeon
 28854 | D:15     | Found a staircase to the Depths.
 29412 | D:15     | Noticed a frost giant
 29431 | D:15     | Killed a frost giant
 30053 | Shoals:1 | Entered Level 1 of the Shoals
 30135 | Shoals:1 | Identified the +6 halberd of Pride {flame, +Rage rC++ Int+2
                  | Stlth+}
 30408 | Shoals:1 | Got a pitted plate armour
 30419 | Shoals:1 | Identified the +1 plate armour of the Tuna {SInv} (You
                  | found it on level 1 of the Shoals)
 31022 | Shoals:2 | Received a gift from Okawaru
 31022 | Shoals:2 | Reached XP level 16. HP: 111/147 MP: 16/16
 31065 | Shoals:2 | Noticed a kraken
 31078 | Shoals:2 | Killed a kraken
 31410 | Shoals:2 | Reached skill level 18 in Shields
 31501 | Shoals:2 | Reached skill level 15 in Fighting
 32038 | Shoals:2 | HP: 3/149 [drowned by a drowned soul[a merfolk avatar]
                  | (14)]
 32039 | Shoals:2 | HP: 1/149 [drowned by a drowned soul[a merfolk avatar]
                  | (13)]
 32801 | Shoals:2 | Received a gift from Okawaru
 32810 | Shoals:2 | Got a polished falchion {god gift}
 32811 | Shoals:2 | Identified the +8 falchion of Serendipity {flame, rElec
                  | Str+3 Dex+3} (Okawaru gifted it to you on level 2 of the
                  | Shoals)
 33425 | Shoals:3 | Noticed Ilsuiw
 33447 | Shoals:3 | Killed Ilsuiw
 33723 | Shoals:3 | Noticed Polyphemus
 34185 | Shoals:3 | Found a shattered altar of Ashenzari.
 34190 | Shoals:3 | Noticed a kraken
 34204 | Shoals:3 | Killed a kraken
 34204 | Shoals:3 | Reached skill level 15 in Armour
 34580 | Shoals:3 | Noticed Louise
 34589 | Shoals:3 | Killed Louise
 34589 | Shoals:3 | Received a gift from Okawaru
 34589 | Shoals:3 | Reached skill level 19 in Shields
 34603 | Shoals:3 | Noticed Kirke
 34613 | Shoals:3 | Killed Kirke
 34660 | Shoals:3 | Killed Polyphemus
 34660 | Shoals:3 | Received a gift from Okawaru
 35050 | Snake:1  | Entered Level 1 of the Snake Pit
 35129 | Snake:1  | Noticed Donald
 35145 | Snake:1  | Killed Donald
 35281 | Snake:1  | Found a frozen archway.
 35294 | Snake:1  | Noticed Nikola
 35295 | IceCv    | Entered an ice cave
 35632 | IceCv    | Received a gift from Okawaru
 35670 | IceCv    | Noticed an Ice Fiend
 35687 | IceCv    | Killed an Ice Fiend
 35687 | IceCv    | Reached XP level 17. HP: 111/158 MP: 17/17
 35713 | IceCv    | Identified the Handbook of Moulding
 36068 | Snake:1  | HP: 5/159 [Nikola/chain lightning (31)]
 36068 | Snake:1  | Killed from afar by Nikola

Levels and vault maps discovered:
D:1:      roderic_crossed_star, layout_rooms
D:2:      layout_rooms, chequers_ecumenical_altar_island, fedhas_altar_2,
          uniq_crazy_yiuf_cottage
D:3:      minmay_skewed_foursquare, layout_basic, first_ration, uniq_ijyb,
          uniq_natasha, uniq_robin
D:4:      layout_loops_corners, chequers_temple_overflow_statue_of_worship,
          uniq_grinder, uniq_sigmund
D:5:      minmay_general_purpose_star, layout_loops_cross, bh_walls_and_bars,
          uniq_pikel
D:6:      layout_loops_ring, lemuel_coloured_pillars_altar,
          kennysheep_vampire_church, minmay_temple_entry_statues_fountains,
          minmay_misc_feat_roman, uniq_blork_the_orc
D:7:      layout_rooms, gammafunk_temple_overflow_forgotten,
          nicolae_underground_beach, uniq_prince_ribbit1, uniq_menkaure
D:8:      lemuel_bear_cage, layout_cave_pods,
          grunt_temple_overflow_forces_of_nature, old_standard_altar,
          serial_glass, glass_columns_a, glass_columns_a
D:9:      layout_loops_ring, grunt_dithmenos_smoke_and_mirrors
D:10:     kennysheep_blocky_hall, layout_long_grid,
          kennysheep_orc_monster_closet_entryway
D:11:     layout_rooms, erik_lair_orcish_takeover, uniq_nergalle, uniq_grum,
          uniq_snorg
D:12:     layout_stronghold, serial_shops, shop, basic_altar, uniq_frances
D:13:     layout_stronghold, lightli_vaults_fourway_checkpoint,
          gammafunk_ghost_hydra_chop, serial_shops, shop
D:14:     layout_roguey, minivault_24, david_nohive_1, minmay_misc_feat_chi
D:15:     grunt_enter_depths_snipers, layout_loops_ring, wad_floor_pattern_2,
          minivault_25_ag
Temple:   nicolae_temple_figure_zero
Lair:1:   lemuel_reptile_caves, layout_gridlike, uniq_sonja
Lair:2:   layout_big_grid, minmay_shoals_entry_hut, kennysheep_abandoned_house,
          grunt_megastairs_1, uniq_gastronok
Lair:3:   layout_loops_ring, guppyfry_snake_entry_garden
Lair:4:   layout_gridlike
Lair:5:   layout_regular_city, minmay_slime_entry_oklob_open
Lair:6:   guppyfry_lair_end_dragon, layout_loops_ring, hangedman_lair_in_review,
          nicolae_lair_yak_garden
Shoals:1: layout_shoals, nicolae_shoals_aquamancer_cove
Shoals:2: cheibrodos_shoals_epimethial_gifts, layout_shoals,
          nicolae_shoals_isolated_beach
Shoals:3: layout_shoals, wheals_shoals_ruined_temple, uniq_kirke, uniq_ilsuiw,
          uniq_louise, uniq_polyphemus
Snake:1:  layout_misc_corridors, serial_shops, nicolae_shop_trees,
          portal_ice_cave_entry_dragon, hangedman_venom_bottle, uniq_donald,
          uniq_nikola
Orc:1:    layout_caves, mines5_lemuel
Orc:2:    st_orc_pillars, layout_diamond_mine

Skill      XL: |  1  2  3  4  5  6  7  8  9 10 11 12 13 14 15 16 |
---------------+-------------------------------------------------+-----
Armour         | 4 5 6 7 8 10 11 12 13 14 15 | 15.3
Long Blades    | 3 4 5 8 10 12 13 14 15 16 18 | 18.6
Fighting       | 4 5 6 8 9 10 12 13 14 16 | 16.3
Shields        | 4 5 6 7 9 11 12 14 15 16 17 19 | 19.4
Dodging        | 1 3 4 5 6 |  6.2
Unarmed Combat | 1 |  1.2
Stealth        | 1 2 |  2.0
Invocations    | 1 2 |  2.5
Axes           | 1 2 |  2.6
Evocations     | 1 |  1.2

Action                   |  1- 3 |  4- 6 |  7- 9 | 10-12 | 13-15 | 16-18 || total
-------------------------+-------+-------+-------+-------+-------+-------++-------
Melee: Long sword        |    87 |   120 |   448 |   893 |       |       ||  1548
       Headbutt          |    17 |    24 |    86 |   350 |   340 |   159 ||   976
       Unarmed           |       |       |    20 |       |       |       ||    20
       Scimitar          |       |       |       |   173 |    42 |       ||   215
       Demon blade       |       |       |       |    16 |    73 |       ||    89
       War axe           |       |       |       |    13 |    30 |       ||    43
       Double sword      |       |       |       |       |   977 |   417 ||  1394
       Falchion          |       |       |       |       |       |    84 ||    84
Invok: Heroism           |       |       |     1 |    15 |     5 |     3 ||    24
Evoke: Wand              |       |       |       |     6 |     4 |       ||    10
  Use: Scroll            |       |       |     7 |     7 |    18 |     4 ||    36
       Potion            |       |       |     1 |     6 |     3 |     6 ||    16
 Stab: Distracted        |       |       |     1 |       |       |       ||     1
  Eat: Chunk             |       |     4 |    15 |    28 |    34 |    10 ||    91
       Ration            |       |       |       |     2 |     4 |     2 ||     8
Armor: Scale mail        |    41 |    58 |   125 |       |       |       ||   224
       Skin              |       |       |     5 |       |       |       ||     5
       Plate armour      |       |       |    32 |   482 |   388 |   145 ||  1047
       Acid dragon scale |       |       |       |       |     2 |       ||     2
       Ice dragon scales |       |       |       |       |       |    39 ||    39
Dodge: Dodged            |    31 |    45 |   130 |   332 |   431 |   238 ||  1207
Block: Shield            |    51 |    79 |   278 |   836 |   830 |   448 ||  2522
       Rpst.: Long sword |     7 |    13 |    34 |    66 |       |       ||   120
       Scimitar          |       |       |       |    17 |     3 |       ||    20
       Demon blade       |       |       |       |     1 |     5 |       ||     6
       Double sword      |       |       |       |       |    84 |    39 ||   123
       Falchion          |       |       |       |       |       |     6 ||     6

Table legend:
 A = Non-vault XP
 B = Vault XP
 C = Vault XP percentage of total XP
 D = Non-vault monster count
 E = Vault monster count
 F = Vault count percentage of total count
                 A         B        C        D         E       F
            +---------+---------+-------+---------+---------+-------
      Total |  110362 |  110659 |  50.1 |     661 |     369 |  35.8
            +---------+---------+-------+---------+---------+-------
        D:1 |      35 |       0 |   0.0 |      18 |       0 |   0.0
        D:2 |      49 |      41 |  45.6 |      15 |       1 |   6.2
        D:3 |     186 |     112 |  37.6 |      26 |      16 |  38.1
        D:4 |     458 |    1098 |  70.6 |      17 |       3 |  15.0
        D:5 |     438 |      76 |  14.8 |      24 |       4 |  14.3
        D:6 |     924 |     218 |  19.1 |      29 |       8 |  21.6
        D:7 |    1108 |     446 |  28.7 |      36 |       2 |   5.3
        D:8 |     709 |       0 |   0.0 |      17 |       0 |   0.0
        D:9 |    1236 |       0 |   0.0 |      21 |       0 |   0.0
       D:10 |    3888 |    2055 |  34.6 |      33 |      23 |  41.1
       D:11 |    3674 |    3027 |  45.2 |      33 |      13 |  28.3
       D:12 |    3597 |    5299 |  59.6 |      47 |       5 |   9.6
       D:13 |    5035 |    6315 |  55.6 |      30 |      10 |  25.0
       D:14 |   12833 |    1227 |   8.7 |      43 |      16 |  27.1
       D:15 |    8472 |    6651 |  44.0 |      25 |       7 |  21.9
     Lair:1 |    5014 |    3602 |  41.8 |      21 |      30 |  58.8
     Lair:2 |     995 |    3896 |  79.7 |       6 |      14 |  70.0
     Lair:3 |    3774 |     169 |   4.3 |      17 |       1 |   5.6
     Lair:4 |    4740 |       0 |   0.0 |      12 |       0 |   0.0
     Lair:5 |    6425 |    1642 |  20.4 |      25 |       3 |  10.7
     Lair:6 |    6971 |   17333 |  71.3 |      33 |      37 |  52.9
   Shoals:1 |    3599 |    3329 |  48.1 |       9 |       4 |  30.8
   Shoals:2 |   22394 |   10075 |  31.0 |      44 |      14 |  24.1
   Shoals:3 |    3942 |   16512 |  80.7 |       8 |      13 |  61.9
    Snake:1 |    4541 |    3057 |  40.2 |      11 |       2 |  15.4
      Orc:1 |    1794 |     745 |  29.3 |      20 |       7 |  25.9
      Orc:2 |    3531 |   12628 |  78.1 |      41 |      78 |  65.5
      IceCv |       0 |   11106 | 100.0 |       0 |      58 | 100.0
            +---------+---------+-------+---------+---------+-------
